 Dungeon Crawl Stone Soup version 0.28-a0-1555-g9ae15a6949 (webtiles) character file.

Game seed: 1241649040066860282

187 a3don the Conjurer (level 5, 0/29 HPs)
             Began as a Deep Elf Conjurer on Jan 19, 2022.
             Slain by an iguana (5 damage)
             ... on level 4 of the Dungeon.
             The game lasted 00:09:00 (3464 turns).

a3don the Conjurer (Deep Elf Conjurer)              Turns: 3464, Time: 00:09:01

Health: 0/29       AC:  4    Str:  7    XL:     5   Next: 39%
Magic:  8/13       EV: 13    Int: 25    God:
Gold:   126        SH:  0    Dex: 13    Spells: 2/12 levels left

rFire   . . .      SeeInvis .   h - +3 dagger
rCold   . . .      Faith    .   (no shield)
rNeg    . . .      Spirit   .   a - +0 robe
rPois   .          Reflect  .   (no helmet)
rElec   .          Harm     .   (no cloak)
rCorr   .          Rampage  .   l - +1 pair of gloves {Str+3}
Will    .....                   (no boots)
Stlth   ++........              t - amulet of magic regeneration
HPRegen 0.09/turn               (no ring)
MPRegen 0.53/turn               (no ring)

@: very slightly contaminated
A: no striking features
a: no special abilities


You were on level 4 of the Dungeon.
You visited 1 branch of the dungeon, and saw 4 of its levels.

You collected 126 gold pieces.

Inventory:

Hand Weapons
 d - a +0 club
 h - a +3 dagger (weapon)
 n - a +0 quarterstaff
Missiles
 f - 80 stones
Armour
 a - a +0 robe (worn)
 l - a +1 pair of gloves of strength (worn)
Jewellery
 t - an amulet of magic regeneration (around neck)
Wands
 u - a wand of polymorph (4)
Scrolls
 c - a scroll of amnesia {unknown}
 e - a scroll of fear {unknown}
 i - 3 scrolls of enchant armour {unknown}
 j - a scroll of fog {unknown}
 k - a scroll of silence {unknown}
 o - a scroll of identify
 p - 2 scrolls of teleportation {unknown}
 q - a scroll of blinking {unknown}
Potions
 b - a potion of haste {unknown}
 g - a potion of berserk rage {unknown}
 m - a potion of might
 r - a potion of attraction {unknown}
 s - a potion of resistance {unknown}


   Skills:
 + Level 1.3 Fighting
 + Level 1.6 Staves
 + Level 3.4 Dodging
 + Level 3.5 Stealth
 + Level 4.0 Spellcasting
 + Level 5.0 Conjurations
 + Level 1.3 Summonings


You had 2 spell levels left.
You knew the following spells:

 Your Spells              Type           Power      Damage    Failure   Level
a - Magic Dart            Conj           100%       1d8       1%          1
b - Call Canine Familiar  Summ           11%        N/A       16%         3
c - Iskenderun's Mystic   Conj/Tloc      17%        2d5       32%         4
d - Searing Ray           Conj           60%        2d6       1%          2

Your spell library contained the following spells:

 Spells                   Type           Power      Damage    Failure   Level
 Slow                     Hex            20%        N/A       9%          1
 Dazzling Flash           Conj/Hex       34%        N/A       10%         3
 Confusing Touch          Hex            5%         N/A       26%         3
 Gell's Gravitas          Tloc           5%         N/A       26%         3
 Portal Projectile        Hex/Tloc       10%        N/A       26%         3
 Teleport Other           Tloc           5%         N/A       26%         3
 Vampiric Draining        Necr           5%         2d6       26%         3
 Fulminant Prism          Conj/Hex       8%         3d7       32%         4
 Leda's Liquefaction      Hex/Erth       2%         N/A       65%         4
 Dispersal                Tloc           2%         N/A       100%        6


Dungeon Overview and Level Annotations

Branches:
Dungeon (4/15)
 Temple: D:4-7

Altars:

Annotations:
D:3 sigmund, Sigmund


Message History

Aim: a giant cockroach (asleep, 100% to hit)
The magic dart hits the giant cockroach!
You kill the giant cockroach!
Casting: Magic Dart (safe; 1% risk of failure)
Confirm with . or Enter, or press ? or * to list all spells.
The spell is quite dangerous to miscast (16% risk of failure)!
Continue anyway?
You miscast Call Canine Familiar.
You are very lightly contaminated with residual magic.
Nothing appears to happen.
Casting: Call Canine Familiar (quite dangerous; 16% risk of failure)
Confirm with . or Enter, or press ? or * to list all spells.
The spell is quite dangerous to miscast (16% risk of failure)!
Continue anyway?
The iguana bites you!
Unknown command.
Casting: Call Canine Familiar (quite dangerous; 16% risk of failure)
Confirm with . or Enter, or press ? or * to list all spells.
Aiming: Magic Dart (safe; 1% risk of failure)
Press: ? - help, Shift-Dir - straight line, f - iguana
Aim: an iguana (ally target, 100% to hit)
The magic dart hits the iguana.
The iguana is moderately wounded.
Your hound closely misses the iguana.
The iguana bites you.
Casting: Magic Dart (safe; 1% risk of failure)
Confirm with . or Enter, or press ? or * to list all spells.
Aiming: Magic Dart (safe; 1% risk of failure)
Press: ? - help, Shift-Dir - straight line, f/p - iguana
Aim: an iguana (moderately wounded, ally target, 100% to hit)
The magic dart hits the iguana but does no damage.
The iguana is moderately wounded.
Your hound bites the iguana.
The iguana bites you!
* * * LOW HITPOINT WARNING * * *
Your hound completely misses the iguana.
Your hound barely misses the iguana.
You hit the iguana.
The iguana is moderately wounded.
Your hound bites the iguana. x2
You closely miss the iguana. Your punch misses the iguana.
The iguana is severely wounded.
The iguana bites you.
You die...

# #. .### ..#######
#.h)....# ##### ### #l#
#.#.# #.# #@# #.#.# #.#
#.# #.#.# #.######.##
#.#.# #.##......#
#.#.###.##.###..#
#.......##.# #..#
####.######.###..#
##.##.# ##......##
#...#.#####.............


You could see an iguana (ally target) and a friendly hound (summoned).

Vanquished Creatures
  Ijyb (D:3)
  Natasha (thrice) (D:2)
  3 adders
  2 worms
  A dart slug (D:2)
  An orc (D:3)
  4 ball pythons (D:3)
  5 endoplasms
  2 giant cockroaches
  4 goblins
  4 hobgoblins
  3 jackals (D:2)
  6 quokkas
  6 bats
  2 frilled lizards
  3 rats
50 creatures vanquished.

Vanquished Creatures (collateral kills)
  A worm (D:3)
1 creature vanquished.

Grand Total: 51 creatures vanquished

Notes
Turn   | Place    | Note
-------+----------+-------------------------------------------
     0 | D:1      | a3don the Deep Elf Conjurer began the quest for the Orb.
     0 | D:1      | Reached XP level 1. HP: 10/10 MP: 6/6
   584 | D:1      | Reached XP level 2. HP: 16/16 MP: 6/8
  1435 | D:2      | Reached XP level 3. HP: 20/20 MP: 2/9
  1618 | D:2      | Noticed Natasha
  1623 | D:2      | Learned a level 3 spell: Call Canine Familiar
  1627 | D:2      | Killed Natasha
  1729 | D:2      | Reached XP level 4. HP: 24/24 MP: 8/11
  1731 | D:2      | Reached skill level 1 in Fighting
  1736 | D:2      | Learned a level 4 spell: Iskenderun's Mystic Blast
  1739 | D:2      | Learned a level 2 spell: Searing Ray
  1847 | D:2      | Reached skill level 1 in Staves
  1851 | D:2      | Noticed Natasha
  1874 | D:2      | Killed Natasha
  2055 | D:2      | Noticed Natasha
  2065 | D:2      | Killed Natasha
  2066 | D:2      | Reached skill level 1 in Summonings
  2305 | D:3      | Reached XP level 5. HP: 29/29 MP: 8/12
  2597 | D:3      | Found a faded altar of an unknown god.
  2834 | D:3      | Noticed Ijyb
  2848 | D:3      | Killed Ijyb
  2849 | D:3      | Reached skill level 5 in Conjurations
  2892 | D:3      | Noticed Sigmund
  3464 | D:4      | Slain by an iguana

Illustrated notes

Levels and vault maps discovered:
D:1:      wander_arrival_abandoned_jail, layout_loops_cross, serial_bayou_pond_d
D:2:      minmay_spotlight, layout_rooms, uniq_natasha
D:3:      layout_loops_ring, nicolae_ecumenical_oubliette, uniq_sigmund,
          uniq_ijyb
D:4:      wad_river_or_something, layout_loops_corners,
          minmay_temple_entry_antechambers, portal_sewer_entry_e,
          nicolae_ossuary_entry_ruins, uniq_edmund, uniq_eustachio

Skill      XL: |  1  2  3  4  5 |
---------------+----------------+-----
Stealth        | 3 |  3.5
Dodging        | 3 |  3.4
Fighting       | 1 |  1.3
Staves         | 1 |  1.6
Summonings     | 1 |  1.3
Spellcasting   | 4 |  4.0
Conjurations   | 5 |  5.0

Action                   |  1- 3 |  4- 6 || total
-------------------------+-------+-------++-------
Melee: Dagger            |     3 |     2 ||     5
 Cast: Magic Dart        |    57 |    61 ||   118
       Call Canine Famil |     1 |     5 ||     6
       Searing Ray       |       |     1 ||     1
  Use: Scroll            |       |     1 ||     1
Armor: Robe              |     3 |     1 ||     4
Dodge: Dodged            |    10 |     4 ||    14

Table legend: (Time is in decaauts)
 A = Elapsed time spent in this place.
 B = Non-inter-level travel time spent in this place.
 C = Inter-level travel time spent in this place.
 D = Time resting spent in this place.
 E = Time spent auto-exploring this place.
 F = Levels seen in this place.
 G = Mean time per level.
                   A        B        C        D        E       F      G
               +--------+--------+--------+--------+--------+-----+--------+
         Total |   3476 |   3406 |     70 |    985 |   1926 |   4 |  869.0 |
       Dungeon |   3476 |   3406 |     70 |    985 |   1926 |   4 |  869.0 |
               +--------+--------+--------+--------+--------+-----+--------+

Top non-repeatable levels by time:
     D:2: 1471 daAuts
     D:1: 1198 daAuts
     D:3: 721 daAuts
     D:4: 84 daAuts
